SNL (28 & UNDER)
KEY WEST BARRACUDAS @ WICHITA WRANGLERS
08/16/2026
 
TOP OF THE 1ST
Key West Barracudas batting - Pitching for Wichita Wranglers : RHP Dae-ho Kim
Pitching: RHP Dae-ho Kim
Batting: SHB Rodney Birling 0-0: Ball
1-0: Called Strike
1-1: Fly out, F7 (Flyball, 7LM)
Batting: RHB Carlos Bravo 0-0: Ball
1-0: Called Strike
1-1: Called Strike
1-2: Strikes out swinging
Batting: RHB Anastasio Villa 0-0: Ground out 4-3 (Groundball, 4M)
Top of the 1st over - 0 run(s), 0 hit(s), 0 error(s), 0 left on base; Key West 0 - Wichita 0
BOTTOM OF THE 1ST
Wichita Wranglers batting - Pitching for Key West Barracudas : RHP Cade Baird
Pitching: RHP Cade Baird
Batting: RHB Desi Thompson 0-0: Called Strike
0-1: Ball
1-1: Ball
2-1: Called Strike
2-2: Ball
3-2: Foul Ball, location: 2F
3-2: Foul Ball, location: 2F
3-2: Foul Ball, location: 2F
3-2: Foul Ball, location: 2F
3-2: Base on Balls
Batting: LHB José Hernández 0-0: Called Strike
0-1: Foul Ball, location: 2F
0-2: Fly out, F8 (Flyball, 8RM)
Batting: RHB Miguel Monteagudo 0-0: DOUBLE (Line Drive, 78XD)
Desi Thompson to third
Runner from 3rd tries for Home, throw and OUT!
Miguel Monteagudo to third
Batting: SHB Javier Peña 0-0: Ball
1-0: Called Strike
1-1: Called Strike
1-2: Ball
2-2: Strikes out looking
Bottom of the 1st over - 0 run(s), 1 hit(s), 0 error(s), 1 left on base; Key West 0 - Wichita 0
TOP OF THE 2ND
Key West Barracudas batting - Pitching for Wichita Wranglers : RHP Dae-ho Kim
Batting: LHB Domingo Ledesma 0-0: SINGLE (Flyball, 9S)
Batting: LHB Daniel Byrd 0-0: Fly out, F8 (Flyball, 89XD)
Batting: LHB Víctor Acevedo 0-0: Swinging Strike
0-1: Swinging Strike
0-2: Ball
1-2: Ball
2-2: Strikes out swinging
Domingo Ledesma steals 2nd base
Batter strikes out.
Batting: RHB Carlos Miranda 0-0: Ball
1-0: DOUBLE (Line Drive, 7LS)
Domingo Ledesma scores
Batting: RHB Dan Craft 0-0: Called Strike
0-1: Ground out 5-3 (Groundball, 15S)
Top of the 2nd over - 1 run(s), 2 hit(s), 0 error(s), 1 left on base; Key West 1 - Wichita 0
BOTTOM OF THE 2ND
Wichita Wranglers batting - Pitching for Key West Barracudas : RHP Cade Baird
Batting: LHB Alfredo Sánchez 0-0: Called Strike
0-1: Swinging Strike
0-2: Ball
1-2: Ball
2-2: Foul Ball, location: 2F
2-2: Strikes out looking
Batting: SHB Giancarlo Giannini 0-0: Ball
1-0: SINGLE (Groundball, 6MD)
Batting: RHB Dave Henderson 0-0: Ball
1-0: Ball
2-0: Called Strike
2-1: Foul Ball, location: 2F
2-2: Foul Ball, location: 2F
2-2: Strikes out looking
Batting: LHB Aurelio Torrez 0-0: Ball
1-0: Called Strike
1-1: Foul Ball, location: 2F
1-2: Strikes out looking
Bottom of the 2nd over - 0 run(s), 1 hit(s), 0 error(s), 1 left on base; Key West 1 - Wichita 0
TOP OF THE 3RD
Key West Barracudas batting - Pitching for Wichita Wranglers : RHP Dae-ho Kim
Batting: LHB Motoki Hirata 0-0: Ball
1-0: Ground out U3 (Groundball, 3L)
Batting: SHB Rodney Birling 0-0: Ball
1-0: Ball
2-0: Ball
3-0: Called Strike
3-1: Ground out U3 (Groundball, 3)
Batting: RHB Carlos Bravo 0-0: Called Strike
0-1: Ground out 5-3 (Groundball, 56S)
Top of the 3rd over - 0 run(s), 0 hit(s), 0 error(s), 0 left on base; Key West 1 - Wichita 0
BOTTOM OF THE 3RD
Wichita Wranglers batting - Pitching for Key West Barracudas : RHP Cade Baird
Batting: RHB James Stevens 0-0: Ball
1-0: Called Strike
1-1: Ball
2-1: Called Strike
2-2: SINGLE (Line Drive, 8LS)
Batting: RHB Desi Thompson 0-0: Fly out, F9 (Flyball, 89S)
Batting: LHB José Hernández 0-0: Ball
1-0: Ball
2-0: Ball
3-0: Called Strike
3-1: Called Strike
3-2: Base on Balls
James Stevens to second
Batting: RHB Miguel Monteagudo 0-0: Ball
1-0: Ball
2-0: Called Strike
2-1: SINGLE (Line Drive, 8LS)
James Stevens to third
José Hernández to second
Batting: SHB Javier Peña 0-0: Ball
1-0: Called Strike
1-1: Called Strike
1-2: Foul Ball, location: 2F
1-2: Fly out, F9 (Flyball, 9S)
Batting: LHB Alfredo Sánchez 0-0: Foul Ball, location: 2F
0-1: Foul Ball, location: 2F
0-2: Ball
1-2: Strikes out swinging
Bottom of the 3rd over - 0 run(s), 2 hit(s), 0 error(s), 3 left on base; Key West 1 - Wichita 0
TOP OF THE 4TH
Key West Barracudas batting - Pitching for Wichita Wranglers : RHP Dae-ho Kim
Batting: RHB Anastasio Villa 0-0: Ball
1-0: Ball
2-0: Ball
3-0: Called Strike
3-1: Called Strike
3-2: Strikes out swinging
Batting: LHB Domingo Ledesma 0-0: Called Strike
0-1: Foul Ball, location: 2F
0-2: Strikes out swinging
Batting: LHB Daniel Byrd 0-0: Called Strike
0-1: Foul Ball, location: 2F
0-2: Ball
1-2: Foul Ball, location: 2F
1-2: Strikes out swinging
Top of the 4th over - 0 run(s), 0 hit(s), 0 error(s), 0 left on base; Key West 1 - Wichita 0
BOTTOM OF THE 4TH
Wichita Wranglers batting - Pitching for Key West Barracudas : RHP Cade Baird
Batting: SHB Giancarlo Giannini 0-0: Called Strike
0-1: Bunt for hit - play at first, batter OUT! 6-3
Batting: RHB Dave Henderson 0-0: Called Strike
0-1: Ball
1-1: Foul Ball, location: 2F
1-2: Fly out, F4 (Popup, 3D)
Batting: LHB Aurelio Torrez 0-0: Called Strike
0-1: Foul Ball, location: 2F
0-2: DOUBLE (Flyball, 89D)
Batting: RHB James Stevens 0-0: Ball
1-0: Ball
2-0: Fly out, F9 (Flyball, 9S)
Bottom of the 4th over - 0 run(s), 1 hit(s), 0 error(s), 1 left on base; Key West 1 - Wichita 0
TOP OF THE 5TH
Key West Barracudas batting - Pitching for Wichita Wranglers : RHP Dae-ho Kim
Batting: LHB Víctor Acevedo 0-0: Ball
1-0: Called Strike
1-1: SINGLE (Groundball, 56D)
Batting: RHB Carlos Miranda 0-0: Ball
1-0: Swinging Strike
1-1: Ball
2-1: Swinging Strike
2-2: Foul Ball, location: 2F
2-2: Ball
3-2: Base on Balls
Víctor Acevedo to second
Batting: RHB Dan Craft 0-0: SINGLE (Flyball, 9LS)
Víctor Acevedo to third
Carlos Miranda to second
Batting: LHB Motoki Hirata 0-0: Called Strike
0-1: Called Strike
0-2: Ball
1-2: Ball
Wild Pitch!
Víctor Acevedo scores
Carlos Miranda to third
Dan Craft to second
2-2: SINGLE (Line Drive, 9S)
Carlos Miranda scores
Dan Craft to third
Runner from 3rd tries for Home, SAFE, no throw or cutoff
Batting: SHB Rodney Birling 0-0: Foul Ball, location: 2F
0-1: Ball
1-1: Called Strike
1-2: Strikes out swinging
Batting: RHB Carlos Bravo 0-0: Called Strike
0-1: Called Strike
0-2: Ball
1-2: DOUBLE (Groundball, 3D)
Motoki Hirata to third
Batting: RHB Anastasio Villa 0-0: Ball
1-0: Ball
2-0: Ball
3-0: Called Strike
3-1: Foul Ball, location: 2F
3-2: Foul Ball, location: 2F
3-2: Foul Ball, location: 2F
3-2: Base on Balls
Batting: LHB Domingo Ledesma 0-0: Ball
1-0: Called Strike
1-1: Ball
2-1: Foul Ball, location: 2F
2-2: DOUBLE (Line Drive, 9LS)
Motoki Hirata scores
Carlos Bravo scores
Anastasio Villa to third
Batting: LHB Daniel Byrd 0-0: Ball
1-0: Ball
2-0: Fly out, F7 (Flyball, 7S)
Runner from 3rd tags up, OUT at HOME
Top of the 5th over - 5 run(s), 5 hit(s), 0 error(s), 1 left on base; Key West 6 - Wichita 0
BOTTOM OF THE 5TH
Wichita Wranglers batting - Pitching for Key West Barracudas : RHP Cade Baird
Batting: RHB Desi Thompson 0-0: Foul Ball, location: 2F
0-1: Foul Ball, location: 2F
0-2: Ball
1-2: Ball
2-2: Ball
3-2: Hit by Pitch
Batting: LHB José Hernández 0-0: Ball
1-0: Ball
2-0: Ball
3-0: Called Strike
3-1: SINGLE (Groundball, 34)
Desi Thompson to second
Runner from 2nd tries for 3rd, SAFE, throw made to third
Batting: RHB Miguel Monteagudo 0-0: Ball
1-0: Fielders Choice at 2nd, 4-6 (Groundball, 4M)
Desi Thompson scores
Batting: SHB Javier Peña 0-0: Swinging Strike
0-1: Ball
1-1: Ball
2-1: Fielders Choice at 2nd, 1-6 (Groundball, 13)
Batting: LHB Alfredo Sánchez 0-0: Ball
1-0: Swinging Strike
1-1: Swinging Strike
1-2: Ball
2-2: Foul Ball, location: 2F
2-2: Strikes out swinging
Bottom of the 5th over - 1 run(s), 1 hit(s), 0 error(s), 1 left on base; Key West 6 - Wichita 1
TOP OF THE 6TH
Key West Barracudas batting - Pitching for Wichita Wranglers : RHP Dae-ho Kim
Batting: LHB Víctor Acevedo 0-0: Ball
1-0: Ball
2-0: Swinging Strike
2-1: Ball
3-1: Base on Balls
Batting: RHB Carlos Miranda 0-0: Called Strike
0-1: Foul Ball, location: 2F
0-2: Ball
1-2: Strikes out looking
Batting: RHB Dan Craft 0-0: Foul Ball, location: 2F
0-1: Foul Ball, location: 2F
0-2: Strikes out swinging
Batting: LHB Motoki Hirata 0-0: Ball
1-0: Foul Ball, location: 2F
1-1: Foul Ball, location: 2F
1-2: Strikes out swinging
Top of the 6th over - 0 run(s), 0 hit(s), 0 error(s), 1 left on base; Key West 6 - Wichita 1
BOTTOM OF THE 6TH
Wichita Wranglers batting - Pitching for Key West Barracudas : RHP Cade Baird
Pitching: RHP Gabe Lewis
Batting: SHB Giancarlo Giannini 0-0: Bunt for hit - play at first, batter OUT! 1-3
Batting: RHB Dave Henderson 0-0: Ball
1-0: Ball
2-0: TRIPLE (Groundball, 3L)
Batting: LHB Aurelio Torrez 0-0: Called Strike
0-1: Ball
1-1: Ball
2-1: Foul Ball, location: 2F
2-2: Strikes out swinging
Batting: RHB James Stevens 0-0: Called Strike
0-1: Swinging Strike
0-2: Ball
1-2: Foul Ball, location: 2F
1-2: Strikes out swinging
Bottom of the 6th over - 0 run(s), 1 hit(s), 0 error(s), 1 left on base; Key West 6 - Wichita 1
TOP OF THE 7TH
Key West Barracudas batting - Pitching for Wichita Wranglers : RHP Dae-ho Kim
Pitching: LHP Tony Rivera
Batting: SHB Rodney Birling 0-0: Ball
1-0: Called Strike
1-1: Ball
2-1: Ball
3-1: Foul Ball, location: 2F
3-2: Strikes out looking
Batting: RHB Carlos Bravo 0-0: Swinging Strike
0-1: Called Strike
0-2: Ball
1-2: Ball
2-2: Ball
3-2: Foul Ball, location: 2F
3-2: Fly out, F3 (Popup, 23F)
Batting: RHB Anastasio Villa 0-0: Ball
1-0: SINGLE (Line Drive, 5D)
Batting: LHB Domingo Ledesma 0-0: 2-RUN HOME RUN (Flyball, 9LD), Distance : 346 ft
Batting: LHB Daniel Byrd 0-0: Swinging Strike
0-1: Ball
1-1: Fly out, F7 (Flyball, 7D)
Top of the 7th over - 2 run(s), 2 hit(s), 0 error(s), 0 left on base; Key West 8 - Wichita 1
BOTTOM OF THE 7TH
Wichita Wranglers batting - Pitching for Key West Barracudas : RHP Gabe Lewis
Batting: RHB Desi Thompson 0-0: Foul Ball, location: 2F
0-1: Hit by Pitch
Batting: LHB José Hernández 0-0: Called Strike
0-1: Ball
1-1: Grounds into double play, 4-6-3 (Groundball, 4)
Batting: RHB Miguel Monteagudo 0-0: SOLO HOME RUN (Flyball, 8LXD), Distance : 429 ft
Batting: SHB Javier Peña 0-0: Called Strike
0-1: Foul Ball, location: 2F
0-2: SOLO HOME RUN (Flyball, 9D), Distance : 360 ft
Pitching: RHP George Bennion
Batting: LHB Alfredo Sánchez 0-0: Called Strike
0-1: SOLO HOME RUN (Flyball, 9D), Distance : 388 ft
Batting: SHB Giancarlo Giannini 0-0: Swinging Strike
0-1: Ball
1-1: SOLO HOME RUN (Flyball, 9D), Distance : 370 ft
Batting: RHB Dave Henderson 0-0: Foul Ball, location: 2F
0-1: Called Strike
0-2: Strikes out swinging
Bottom of the 7th over - 4 run(s), 4 hit(s), 0 error(s), 0 left on base; Key West 8 - Wichita 5
TOP OF THE 8TH
Key West Barracudas batting - Pitching for Wichita Wranglers : LHP Tony Rivera
Batting: LHB Víctor Acevedo 0-0: Ball
1-0: Ball
2-0: Fly out, F5 (Popup, 56S)
Batting: RHB Carlos Miranda 0-0: Fly out, F9 (Flyball, 9LS)
Batting: RHB Dan Craft 0-0: SINGLE (Groundball, 34D)
Batting: LHB Motoki Hirata 0-0: Ball
1-0: Ball
2-0: Called Strike
2-1: Called Strike
2-2: Strikes out looking
Top of the 8th over - 0 run(s), 1 hit(s), 0 error(s), 1 left on base; Key West 8 - Wichita 5
BOTTOM OF THE 8TH
Wichita Wranglers batting - Pitching for Key West Barracudas : RHP George Bennion
Pitching: RHP Dennis Grange
Batting: LHB Aurelio Torrez 0-0: Ball
1-0: Called Strike
1-1: Ball
2-1: Foul Ball, location: 2F
2-2: Strikes out looking
Batting: RHB James Stevens 0-0: SINGLE (Groundball, 34)
Pitching: LHP Luke Brown
Batting: RHB Desi Thompson 0-0: Ball
1-0: SINGLE (Groundball, 56D)
James Stevens to second
Batting: LHB José Hernández 0-0: Ball
1-0: Ball
2-0: Ball
3-0: Called Strike
3-1: Foul Ball, location: 2F
3-2: Strikes out swinging
Batting: RHB Miguel Monteagudo 0-0: Fly out, F8 (Flyball, 8RM)
Bottom of the 8th over - 0 run(s), 2 hit(s), 0 error(s), 2 left on base; Key West 8 - Wichita 5
TOP OF THE 9TH
Key West Barracudas batting - Pitching for Wichita Wranglers : LHP Tony Rivera
Batting: SHB Rodney Birling 0-0: Called Strike
0-1: Fly out, F7 (Flyball, 7M)
Batting: RHB Carlos Bravo 0-0: Ball
1-0: Hit by Pitch
Batting: RHB Anastasio Villa 0-0: Ball
1-0: Called Strike
1-1: Ball
2-1: Ball
3-1: Base on Balls
Carlos Bravo to second
Batting: LHB Domingo Ledesma 0-0: Called Strike
0-1: Ball
1-1: Ball
2-1: Foul Ball, location: 2F
2-2: Foul Ball, location: 2F
2-2: Strikes out swinging
Batting: LHB Daniel Byrd 0-0: Called Strike
0-1: Ball
1-1: Swinging Strike
1-2: Strikes out swinging
Top of the 9th over - 0 run(s), 0 hit(s), 0 error(s), 2 left on base; Key West 8 - Wichita 5
BOTTOM OF THE 9TH
Wichita Wranglers batting - Pitching for Key West Barracudas : LHP Luke Brown
Now at 1B: Jake Wells
Now at 2B: Richard Sanders
Batting: SHB Javier Peña 0-0: Reached on error, E6 (Groundball, 6M)
Batting: LHB Alfredo Sánchez 0-0: Called Strike
0-1: Ball
1-1: Ball
2-1: Called Strike
2-2: Strikes out swinging
Batting: SHB Giancarlo Giannini 0-0: Called Strike
0-1: Foul Ball, location: 2F
0-2: Ball
1-2: Ball
2-2: Strikes out looking
Batting: RHB Dave Henderson 0-0: Ball
1-0: Fielders Choice at 2nd, 6-4 (Groundball, 6)
Bottom of the 9th over - 0 run(s), 0 hit(s), 1 error(s), 0 left on base; Key West 8 - Wichita 5
Monday, December 5th, 2016 - OOTP Baseball 17.12 Build 75